 Dungeon Crawl Stone Soup version 0.25.1-2-g60ff931df9 (webtiles) character file.

Game seed: 3192139906511964871

14265 hawla the Carver (level 11, -9/103 HPs)
             Began as a Minotaur Gladiator on Nov 8, 2020.
             Was an Initiate of Gozag.
             Mangled by a minotaur
             ... wielding a +0 double sword
              (33 damage)
             ... in a Gauntlet on Nov 9, 2020.
             The game lasted 00:44:07 (15258 turns).

hawla the Carver (Minotaur Gladiator)              Turns: 15258, Time: 00:44:07

Health: -9/103     AC: 16    Str: 23    XL:     11   Next: 86%
Magic:  0/19       EV: 15    Int:  3    God:    Gozag
Gold:   3709       SH:  0    Dex: 15    Spells: 10/10 levels left

rFire    + . .     SeeInvis .   v - +3 falchion of the Dove {elec, rF+ rN+ Dex+2}
rCold    . . .     Gourm    .   (no shield)
rNeg     + + .     Faith    .   A - +4 acid dragon scales
rPois    .         Spirit   +   c - +0 hat
rElec    .         Reflect  .   F - +0 cloak
rCorr    +         Harm     .   r - +0 pair of gloves
MR       .....     NoTele   +   E - +0 pair of boots
Stlth    ++........             C - amulet of guardian spirit
HPRegen  0.27/turn              u - ring of magical power
MPRegen  0.16/turn              i - ring of positive energy

@: very slightly contaminated, invisible
A: retaliatory headbutt, horns 2, dopey 1, strong 1
a: Potion Petition, Call Merchant, Bribe Branch, Renounce Religion


You were in a Gauntlet.
You worshipped Gozag.
Gozag was most pleased with you.
You were hungry.

You visited 2 branches of the dungeon, and saw 13 of its levels.
You also visited: Sewer, Ossuary and Gauntlet.

You collected 4247 gold pieces.
You spent 432 gold pieces at shops.
You paid 106 gold pieces to Gozag.

Inventory:

Hand Weapons
 d - a +2 quick blade
 v - the +3 falchion of the Dove (weapon) {elec, rF+ rN+ Dex+2}
   (You found it on level 11 of the Dungeon)

   Occasionally, upon striking a foe, it will discharge some electrical energy
   and cause terrible harm.
   It affects your dexterity (+2).
   It protects you from fire.
   It protects you from negative energy.
 D - a +1 dagger of venom
 I - a +4 falchion of electrocution
 J - a +2 short sword of holy wrath
Missiles
 n - 42 poisoned darts
 y - 4 curare-tipped darts
 G - 10 javelins
 M - 3 boomerangs (quivered)
Armour
 c - a +0 hat (worn)
 r - a +0 pair of gloves (worn)
 A - +4 acid dragon scales (worn)
 E - a +0 pair of boots (worn)
 F - a +0 cloak (worn)
Jewellery
 b - an uncursed ring of fire
 i - a ring of positive energy (right hand)
 t - an uncursed ring of flight {unknown}
 u - a ring of magical power (left hand)
 C - an amulet of guardian spirit (around neck)
Wands
 H - a wand of iceblast (8)
 L - a wand of acid (9)
Scrolls
 g - 7 scrolls of remove curse
 l - a scroll of fear
 o - a scroll of magic mapping
 s - 3 scrolls of identify
 x - a scroll of fog
 z - a scroll of blinking
 B - 6 scrolls of teleportation
Potions
 e - 4 potions of flight
 h - a potion of cancellation
 j - 2 potions of curing
 k - 2 potions of brilliance
 m - a potion of berserk rage
 q - 3 potions of haste
 w - 2 potions of stabbing {unknown}
 N - a potion of ambrosia
Miscellaneous
 a - a lightning rod (4/4)
Comestibles
 f - 17 rations


   Skills:
 + Level 11.6 Fighting
 + Level 9.7(11.9) Short Blades
 + Level 12.4(13.8) Long Blades
 + Level 4.8 Throwing
 + Level 8.9 Armour
 + Level 5.3 Dodging
 - Level 2.7 Stealth


You had 10 spell levels left.
You didn't know any spells.
Your spell library was empty.

Dungeon Overview and Level Annotations

Branches:
Dungeon (12/15)            Temple (1/1) D:5            Lair (0/6) D:8
    Orc (0/2) D:10          Sewer (visited)         Ossuary (visited)
Gauntlet (1/1)

Altars:
Ashenzari
Dithmenos
Gozag
Nemelex Xobeh
Trog
Uskayaw
Vehumet
Xom
Yredelemnul

Shops:
D:8 (   D:9 (

Annotations:
Gauntlet 7 runed translucent doors, 8 transporters


Innate Abilities, Weirdness & Mutations

You reflexively headbutt those who attack you in melee.
You have a pair of horns on your head.
You are dopey. (Int -2)
Your muscles are strong. (Str +2)


Message History

You hit the minotaur but do no damage.
The minotaur is moderately wounded.
The minotaur drinks a potion.
The minotaur seems to grow stronger.
The minotaur blocks your attack. x2
The minotaur is moderately wounded.
You hit the minotaur but do no damage.
The minotaur is moderately wounded.
The minotaur hits you with a +0 double sword!!
* * * LOW HITPOINT WARNING * * *
The minotaur gores you!
* * * LOW HITPOINT WARNING * * *
You fade into invisibility!
The minotaur closely misses you. You furiously retaliate!
You headbutt the minotaur! The minotaur barely misses you.
You are very lightly contaminated with residual magic.
You feel better.
The minotaur is no longer covered in acid.
The minotaur hits you with a +0 double sword!!
You die...
Your body crumbles into a pile of gold.

.....#...## ######...≈#
.........############
8.....8.####........#
........≈##..###.##.##
#####..§##......(...8#
#...#...#....#.#.....#
#.#[#...#.8©.#.#.#####
#.#.#...#....#..@#
©##©#.8.#.8©.###H'......
#.#.#...#....# ..#8.8(8:
#.#.#...#.8©.#.#.#######
#...#...#....#.#..
#####...##........
........≈##..###.#
8.....8.####......
.........## ###


You could see a minotaur (strong).

Vanquished Creatures
  A green death (Gauntlet)
  A hell beast (Gauntlet)
  4 two-headed ogres
  An unseen horror (D:10)
  2 ugly things
  A centaur zombie (D:11)
  A gargoyle (D:10)
  Maggie (D:6)
  An orange demon (Gauntlet)
  A troll (D:9)
  A slime creature (D:9)
  Grinder (Sewer)
  5 hippogriffs
  A yak (D:8)
  A wraith (D:10)
  A hungry ghost (D:11)
  A basilisk (D:8)
  A hell hound (Gauntlet)
  2 orc warriors
  An ice beast (D:10)
  3 sky beasts
  A phantom (D:4)
  An eye of draining (D:10)
  10 ogres
  2 necrophages (D:11)
  2 black bears
  2 crocodiles
  3 big kobolds
  8 bullfrogs
  A wyvern zombie (D:7)
  5 scorpions
  7 killer bees
  7 howler monkeys
  3 crimson imps
  A quasit (Sewer)
  3 bullfrog skeletons
  4 hounds
  5 orc priests
  7 jellies
  2 centaur skeletons
  Natasha (thrice) (D:4)
  4 iguanas
  7 orc wizards
  9 worker ants
  3 big kobold zombies (Sewer)
  3 hound zombies
  3 mummies (Ossuary)
  3 hound skeletons
  A howler monkey zombie (D:10)
  A worker ant zombie (D:5)
  3 gnolls (D:6)
  A howler monkey skeleton (D:4)
  13 adders
  9 shadow imps
  2 ufetubi (Sewer)
  15 oozes (D:9)
  3 adder zombies (Ossuary)
  2 adder skeletons
  3 worms
  2 dart slugs
  8 leopard geckos
  28 orcs
  7 ball pythons
  6 bats
  7 giant cockroaches
  8 goblins
  15 hobgoblins
  14 jackals
  26 kobolds
  5 quokkas
  2 frilled lizards
  A giant cockroach zombie (D:5)
  4 goblin zombies (Ossuary)
  3 hobgoblin zombies (Ossuary)
  3 kobold zombies
  A leopard gecko skeleton (D:4)
  A quokka skeleton (D:5)
  2 quokka zombies (Ossuary)
  8 rats
  4 rat zombies (Ossuary)
349 creatures vanquished.

Vanquished Creatures (others)
  An ooze (Sewer)
  A giant cockroach zombie (Sewer)
  A kobold zombie (Sewer)
  A demonic plant (Gauntlet)
  5 fungi (D:9)
  A plant (D:5)
10 creatures vanquished.

Grand Total: 359 creatures vanquished

Notes
Turn   | Place    | Note
-------+----------+-------------------------------------------
     0 | D:1      | hawla the Minotaur Gladiator began the quest for the Orb.
     0 | D:1      | Reached XP level 1. HP: 18/18 MP: 0/0
    56 | D:1      | Reached skill level 4 in Long Blades
    67 | D:1      | Reached XP level 2. HP: 14/25 MP: 1/1
   745 | D:1      | Reached XP level 3. HP: 30/30 MP: 2/2
   904 | D:1      | Reached skill level 1 in Armour
  1750 | D:2      | Reached XP level 4. HP: 37/37 MP: 3/3
  1815 | D:2      | Reached skill level 5 in Long Blades
  1830 | D:2      | You fall into a shaft and drop 1 floor!
  2797 | D:3      | Reached XP level 5. HP: 35/45 MP: 4/4
  3233 | D:4      | Found a sand-covered staircase.
  3278 | Ossuary  | Entered an ossuary
  3704 | D:4      | Reached skill level 6 in Long Blades
  3704 | D:4      | Reached XP level 6. HP: 48/52 MP: 5/5
  3914 | D:4      | Found a glowing drain.
  3923 | Sewer    | Entered a sewer
  4208 | Sewer    | Found a burning altar of Makhleb.
  4219 | Sewer    | Reached skill level 7 in Long Blades
  4314 | Sewer    | Noticed Grinder
  4318 | Sewer    | Reached XP level 7. HP: 58/60 MP: 6/6
  4347 | Sewer    | Paralysed by Grinder for 3 turns
  4354 | Sewer    | Paralysed by Grinder for 7 turns
  4364 | Sewer    | Killed Grinder
  4489 | Sewer    | Reached skill level 8 in Long Blades
  4657 | Sewer    | Reached skill level 5 in Fighting
  4657 | Sewer    | Reached skill level 1 in Short Blades
  4952 | D:4      | Noticed Natasha
  4961 | D:4      | Killed Natasha
  5249 | D:4      | Reached skill level 5 in Dodging
  5249 | D:4      | Reached XP level 8. HP: 58/69 MP: 7/7
  5466 | D:4      | Noticed Natasha
  5474 | D:4      | Killed Natasha
  5613 | D:4      | Noticed Natasha
  5621 | D:4      | Killed Natasha
  5673 | D:4      | Found a shimmering altar of Xom.
  5777 | D:4      | Found a bloodstained altar of Trog.
  5973 | D:5      | Entered Level 5 of the Dungeon
  5986 | D:5      | Found a staircase to the Ecumenical Temple.
  6307 | D:5      | Reached skill level 1 in Stealth
  6328 | D:5      | Reached skill level 5 in Armour
  6351 | Temple   | Entered the Ecumenical Temple
  6484 | Temple   | Became a worshipper of Gozag Ym Sagoz the Greedy
  7004 | D:6      | Noticed Maggie
  7026 | D:6      | Killed Maggie
  7026 | D:6      | Reached skill level 9 in Long Blades
  7026 | D:6      | Reached XP level 9. HP: 7/78 MP: 8/8
  8521 | D:7      | Reached skill level 10 in Long Blades
  8592 | D:7      | Identified a scroll of acquirement
  8931 | D:7      | Acquired 2250 gold pieces
  9285 | D:8      | Found a staircase to the Lair.
  9620 | D:8      | Reached skill level 11 in Long Blades
  9664 | D:8      | Found Picebbut's Antique Weapon Emporium.
  9873 | D:8      | Noticed a two-headed ogre
  9884 | D:8      | Killed a two-headed ogre
  9884 | D:8      | Reached skill level 5 in Short Blades
  9884 | D:8      | Reached XP level 10. HP: 58/90 MP: 9/9
 10221 | D:9      | Found Zioss's Weapon Emporium.
 10404 | D:9      | Noticed a two-headed ogre
 10421 | D:9      | Killed a two-headed ogre
 11192 | D:9      | Reached skill level 12 in Long Blades
 11374 | D:9      | Bought a +2 quick blade for 432 gold pieces
 11401 | D:10     | Entered Level 10 of the Dungeon
 11401 | D:10     | Noticed a red ugly thing
 11431 | D:10     | Killed a red ugly thing
 11733 | D:10     | Found a staircase to the Orcish Mines.
 12140 | D:10     | Noticed a two-headed ogre
 12158 | D:10     | Killed a two-headed ogre
 12158 | D:10     | Reached XP level 11. HP: 46/99 MP: 9/10
 12433 | D:10     | Reached skill level 10 in Fighting
 12978 | D:10     | Killed an unseen horror
 13133 | D:11     | Noticed a two-headed ogre
 13159 | D:10     | Killed a two-headed ogre
 13611 | D:11     | Got a crystal falchion
 13612 | D:11     | Identified the cursed +3 falchion of the Dove {elec, rF+
                  | rN+ Dex+2} (You found it on level 11 of the Dungeon)
 14156 | D:12     | Noticed a green ugly thing
 14163 | D:12     | Killed a green ugly thing
 14194 | D:12     | Found a gate leading to a gauntlet.
 14203 | Gauntlet | Entered a Gauntlet
 14203 | Gauntlet | Found a large runed translucent door.
 14203 | Gauntlet | Found a large runed translucent door.
 14203 | Gauntlet | Found a large runed translucent door.
 14203 | Gauntlet | Found a large runed translucent door.
 14203 | Gauntlet | Found a large runed translucent door.
 14203 | Gauntlet | Found a large runed translucent door.
 14203 | Gauntlet | Found a runed translucent door.
 14203 | Gauntlet | Found a transporter.
 14203 | Gauntlet | Found a runed translucent door.
 14203 | Gauntlet | Found a large runed translucent door.
 14203 | Gauntlet | Found a large runed translucent door.
 14203 | Gauntlet | Found a large runed translucent door.
 14203 | Gauntlet | Found a large runed translucent door.
 14203 | Gauntlet | Found a large runed translucent door.
 14203 | Gauntlet | Found a large runed translucent door.
 14336 | Gauntlet | Found a large runed translucent door.
 14336 | Gauntlet | Found a large runed translucent door.
 14337 | Gauntlet | Found a transporter.
 14338 | Gauntlet | Found a runed translucent gate.
 14338 | Gauntlet | Found a runed translucent gate.
 14338 | Gauntlet | Found a runed translucent gate.
 14339 | Gauntlet | Found a transporter.
 14339 | Gauntlet | Noticed a green death
 14340 | Gauntlet | Found a transporter.
 14342 | Gauntlet | Noticed a cacodemon
 14343 | Gauntlet | Found a transporter.
 14344 | Gauntlet | Found a transporter.
 14352 | Gauntlet | Found a transporter.
 14363 | Gauntlet | Noticed a hell beast
 14382 | Gauntlet | Found a large runed translucent door.
 14382 | Gauntlet | Found a large runed translucent door.
 14382 | Gauntlet | Noticed a lindwurm
 14382 | Gauntlet | an eye of devastation changed into a lindwurm
 14383 | Gauntlet | a lindwurm changed into a salamander
 14385 | Gauntlet | Found a transporter.
 14385 | Gauntlet | Found a transporter.
 14389 | Gauntlet | Found a transporter.
 14405 | Gauntlet | Noticed a harpy
 14405 | Gauntlet | a human changed into a harpy
 14407 | Gauntlet | a harpy changed into an eye of draining
 14420 | Gauntlet | Noticed a wizard
 14422 | Gauntlet | Identified the amulet "Mag Haci" {*Slow Regen+ Str+6 Int+8}
 14422 | Gauntlet | Noticed a wizard
 14428 | Gauntlet | Found a transporter.
 14485 | Gauntlet | Noticed a deep troll
 14485 | Gauntlet | a manticore changed into a deep troll
 14485 | Gauntlet | Noticed a swamp dragon
 14485 | Gauntlet | a komodo dragon changed into a swamp dragon
 14507 | Gauntlet | Found a transporter.
 14507 | Gauntlet | Noticed a death drake
 14538 | Gauntlet | Gained mutation: You are dopey. (Int -2) [potion of
                  | mutation]
 14538 | Gauntlet | Gained mutation: Your magical capacity is low. (-10% MP)
                  | [potion of mutation]
 14538 | Gauntlet | Lost mutation: Your magical capacity is low. (-10% MP)
                  | [potion of mutation]
 14538 | Gauntlet | Gained mutation: Your muscles are strong. (Str +2) [potion
                  | of mutation]
 14586 | Gauntlet | Noticed a shock serpent
 14648 | Gauntlet | Noticed a swamp dragon
 14657 | Gauntlet | a swamp dragon changed into a wind drake
 14689 | Gauntlet | Killed a green death
 15013 | Gauntlet | Killed a hell beast
 15246 | Gauntlet | Noticed a minotaur
 15258 | Gauntlet | Mangled by a minotaur

Illustrated notes

Levels and vault maps discovered:
D:1:      dpeg_arrival_round_c, layout_loops_ring
D:2:      layout_loops_ring
D:3:      layout_loops_ring
D:4:      layout_basic, lightli_temple_of_fire, enter_ossuary_5,
          gup_sewer_entry_bubbles, first_ration, xom_teletrap_fun, uniq_natasha
D:5:      layout_loops_corners, minmay_temple_entry_gardened_gates
D:6:      layout_basic, kennysheep_minor_cross, minivault_11, uniq_grinder,
          uniq_maggie
D:7:      layout_gridville
D:8:      layout_basic, david_lair_generic, serial_shops, kennysheep_mini
D:9:      lemuel_slime, layout_irregular_city, serial_shops,
          nicolae_shop_waterfront
D:10:     layout_long_grid, orc_0_dummy
D:11:     layout_rooms, serial_curves, eino_curves_02, eino_curves_04
D:12:     layout_irregular_city, gauntlet_entry_generic
Temple:   nicolae_temple_the_god_donut
Gauntlet: minmay_gauntlet_mixed_oops_all_seconds
          [minmay_gauntlet_arena_77_museum,
          minmay_gauntlet_arena_make_your_own_arena,
          minmay_gauntlet_arena_77_braids, gammafunk_gauntlet_arena_split_x,
          minmay_gauntlet_arena_77_two_paths, gammafunk_gauntlet_arena_corners,
          nicolae_gauntlet_exit_dead_adventurers]

Skill      XL: |  1  2  3  4  5  6  7  8  9 10 11 |
---------------+----------------------------------+-----
Long Blades    | 4 5 6 7 8 9 11 12 | 12.4
Armour         | 1 2 3 5 6 8 |  8.9
Fighting       | 3 4 5 6 8 9 11 | 11.6
Dodging        | 4 5 |  5.3
Short Blades   | 1 4 5 7 9 |  9.7
Stealth        | 1 2 |  2.7
Throwing       | 3 4 |  4.8

Action                   |  1- 3 |  4- 6 |  7- 9 | 10-12 || total
-------------------------+-------+-------+-------+-------++-------
Melee: Long sword        |    87 |   179 |   198 |    24 ||   488
       Headbutt          |    16 |    26 |    88 |   161 ||   291
       Dagger            |       |     4 |   133 |   223 ||   360
       Short sword       |       |       |    19 |   107 ||   126
       Quick blade       |       |       |       |   142 ||   142
       Falchion          |       |       |       |    53 ||    53
Throw: Throwing net      |       |       |     4 |       ||     4
       Dart              |       |       |    13 |     9 ||    22
Evoke: Wand              |       |       |       |     3 ||     3
  Use: Scroll            |       |     9 |    14 |     7 ||    30
       Potion            |       |       |       |    11 ||    11
 Stab: Sleeping          |     1 |       |     3 |     1 ||     5
       Distracted        |       |       |     1 |     2 ||     3
  Eat: Chunk             |     3 |     7 |     8 |       ||    18
       Ration            |       |       |     4 |     4 ||     8
Armor: Leather armour    |    13 |    48 |    62 |       ||   123
       Acid dragon scale |       |       |    50 |   144 ||   194
       Skin              |       |       |       |     9 ||     9
Dodge: Dodged            |    74 |   126 |   254 |   232 ||   686
       Rpst.: Long sword |    14 |    37 |    31 |     4 ||    86
       Falchion          |       |       |       |     3 ||     3
